 Dungeon Crawl Stone Soup version 0.31-a0-1424-g2add1c7226 (webtiles) character file.

Game seed: 17284828384721583567

312 drugrobin the Cudgeller (level 5, -2/42 HPs)
             Began as a Demigod Delver on Dec 26, 2023.
             Slain by a gnoll sergeant
             ... wielding a +0 trident
              (10 damage)
             ... on level 3 of the Dungeon.
             The game lasted 00:08:34 (3224 turns).

drugrobin the Cudgeller (Demigod Delver)            Turns: 3224, Time: 00:08:35

Health: -2/42      AC: 10    Str: 17    XL:     5   Next: 97%
Magic:  7/7        EV:  8    Int: 12    God:
Gold:   292        SH:  0    Dex: 15    Spells: 4/4 levels left

rFire   . . .        a - +0 mace
rCold   + . .        k - orb {light}
rNeg    . . .        w - +0 chain mail
rPois   .            (no helmet)
rElec   .            s - +0 cloak
rCorr   .            r - +0 pair of gloves
SInv    .            (no boots)
Will    .....        (no amulet) Stlth
                     y - ring of protection from cold
HPRegen 0.27/turn    (no ring)
MPRegen 0.10/turn

%: no passive effects
@: glowing
A: high MP 1, forlorn, divine attributes
a: no special abilities


You were on level 3 of the Dungeon.
You visited 1 branch of the dungeon, and saw 5 of its levels.

You collected 292 gold pieces.

Inventory:

Hand Weapons
 a - a +0 mace (weapon)
 b - a +0 sling
Missiles
 l - 5 poisoned darts
 t - 3 boomerangs (quivered)
Armour
 e - a +0 leather armour
 k - an orb of light (worn)
 r - a +0 pair of gloves (worn)
 s - a +0 cloak (worn)
 w - a +0 chain mail (worn)
Jewellery
 y - a ring of protection from cold (left hand)
Wands
 g - a wand of digging (3)
Scrolls
 c - 2 scrolls of fog
 d - a scroll of revelation
 j - 4 scrolls of identify {unknown}
 m - a scroll of poison {unknown}
 o - 5 scrolls of teleportation {unknown}
 v - a scroll of enchant armour {unknown}
 x - a scroll of immolation {unknown}
Potions
 f - a potion of haste
 h - 2 potions of attraction {unknown}
 i - a potion of lignification {unknown}
 p - a potion of brilliance {unknown}
 q - 2 potions of mutation {unknown}
 u - a potion of ambrosia {unknown}


   Skills:
 - Level 2.6 Fighting
 + Level 6.0 Maces & Flails
 - Level 1.7 Dodging
 - Level 4.5 Stealth


You had 4 spell levels left.
You didn't know any spells.
Your spell library contained the following spells:

 Spells                   Type           Power      Damage    Failure   Level
 Sting                    Conj/Alch      0%         1d3       99%         1
 Mercury Vapours          Alch/Air       0%         N/A       99%         2
 Fugue of the Fallen      Necr           0%         N/A       100%        3
 Ozocubu's Armour         Ice            0%         N/A       100%        3
 Manifold Assault         Tloc           0%         N/A       100%        4
 Olgreb's Toxic Radiance  Alch           0%         N/A       100%        4
 Malign Gateway           Summ/Tloc      0%         N/A       100%        7
 Summon Horrible Things   Summ           0%         N/A       100%        8


Dungeon Overview and Level Annotations

Branches:
Dungeon (5/15)
 Temple: D:4-7

Shops:
D:1 (   D:3 *

Annotations:
D:2 Ijyb
D:5 exclusion: adder


Innate Abilities, Weirdness & Mutations

You have an increased reservoir of magic. (+10% MP)
You shall have no god before yourself.
Your divine heritage dramatically boosts your attributes as you level up.


Message History

Unknown command.
Unknown command.
Unknown command.
Unknown command.
You hit the gnoll sergeant but do no damage.
The gnoll sergeant is severely wounded.
The gnoll sergeant hits you with a +0 trident.
* * * LOW HITPOINT WARNING * * *
Unknown command.
Okay, then.
You feel better.
The gnoll sergeant hits you but does no damage.
Unknown command.
Unknown command.
You hit the gnoll sergeant.
The gnoll sergeant is severely wounded.
The gnoll sergeant hits you with a +0 trident.
* * * LOW HITPOINT WARNING * * *
Unknown command.
You feel better.
The gnoll sergeant hits you with a +0 trident.
* * * LOW HITPOINT WARNING * * *
Unknown command.
You hit the gnoll sergeant but do no damage.
The gnoll sergeant is severely wounded.
The gnoll sergeant hits you but does no damage.
You barely miss the gnoll sergeant.
The gnoll sergeant is severely wounded.
The gnoll sergeant hits you but does no damage.
You hit the gnoll sergeant but do no damage.
The gnoll sergeant is severely wounded.
The gnoll sergeant barely misses you.
You hit the gnoll sergeant but do no damage.
The gnoll sergeant is severely wounded.
The gnoll sergeant hits you with a +0 trident!
* * * LOW HITPOINT WARNING * * *
Unknown command.
You feel better.
The gnoll sergeant hits you with a +0 trident!
You die...

#.......(.#
#.#######.#
###########.# #.#
#........##.# #)#
#.##>###.##.# #.#
######.#.#.......#####
#.#
..).....###.###......#
#.# ######.##
##.##g.###.# #.#
##.###.###.@###.###.#
##.#.......##...##.#
##.###.##.........#
#.# #.#####...#### #.#
#.# ##.## #########.#
#.# #.# .......##.#
#.# #.#
##........###.######.#
#.#8.8.8............#


You could see a gnoll sergeant.

Vanquished Creatures
  A black bear (D:4)
  A phantom (D:4)
  A hound (D:3)
  A gnoll (D:4)
  An adder (D:4)
  3 worms
  2 dart slugs
  4 orcs
  2 ball pythons
  10 endoplasms
  A giant cockroach (D:1)
  15 goblins
  8 hobgoblins
  8 jackals
  2 quokkas
  9 bats
  4 frilled lizards
  A kobold (D:2)
  7 rats
81 creatures vanquished.

Notes
Turn   | Place    | Note
-------+----------+-------------------------------------------
     0 | D:5      | drugrobin the Demigod Delver began the quest for the Orb.
     0 | D:5      | Reached XP level 1. HP: 18/18 MP: 3/3
    27 | D:5      | Noticed a sleepcap
    61 | D:5      | Noticed an ice beast
    89 | D:4      | Reached skill level 2 in Maces & Flails
   127 | D:4      | Noticed a hound
   143 | D:4      | Noticed a gnoll sergeant
   237 | D:3      | Found Uwiawug's Assorted Antiques.
   433 | D:3      | Reached XP level 2. HP: 25/25 MP: 4/4
   626 | D:1      | Reached skill level 3 in Maces & Flails
   738 | D:1      | Reached XP level 3. HP: 15/30 MP: 5/5
   971 | D:1      | Found Ampu's Antique Weapon Emporium.
  1816 | D:2      | Reached skill level 4 in Maces & Flails
  2133 | D:3      | Reached XP level 4. HP: 37/37 MP: 6/6
  2156 | D:3      | Noticed Ijyb
  2911 | D:4      | Noticed a phantom
  2933 | D:4      | Killed a phantom
  2934 | D:4      | Reached skill level 5 in Maces & Flails
  2934 | D:4      | Reached XP level 5. HP: 23/42 MP: 7/7
  2977 | D:4      | Noticed a black bear
  3046 | D:4      | Killed a black bear
  3047 | D:4      | Reached skill level 6 in Maces & Flails
  3216 | D:3      | HP: 2/42 [gnoll sergeant/+0 trident (5)]
  3223 | D:3      | HP: 1/42 [gnoll sergeant/+0 trident (9)]
  3224 | D:3      | Slain by a gnoll sergeant

Illustrated notes

Levels and vault maps discovered:
D:1:      dpeg_arrival_signposts, layout_basic, serial_shops,
          nicolae_shop_back_alley_shop
D:2:      cheibrodos_greedy_goblins, layout_basic, st_stairs_8
D:3:      layout_loops_ring, mainiacjoe_overflow_catwalk,
          shapermc_ecumenical_altar_flowoftime, serial_shops,
          nicolae_shop_temple_entry_statues_fountains, uniq_ijyb
D:4:      layout_rooms, fedhas_altar_decomposition
D:5:      layout_cave_pools, minmay_temple_entry_crystal_x,
          serial_park_tiny_pond, hangedman_decor_riveting

Skill      XL: |  1  2  3  4  5 |
---------------+----------------+-----
Maces & Flails | 2 3 4 5 6 |  6.0
Fighting       | |  2.6
Dodging        | |  1.7
Stealth        | |  4.5

Action                     |  1- 3 |  4- 6 || total
---------------------------+-------+-------++-------
  Melee: Mace              |   134 |    72 ||   206
   Fire: Sling             |    20 |    32 ||    52
  Throw: Dart              |       |     6 ||     6
         Boomerang         |       |     4 ||     4
    Use: Scroll            |     1 |       ||     1
         Potion            |       |     4 ||     4
   Stab: Sleeping          |     4 |       ||     4
 Armour: Leather armour    |    96 |     2 ||    98
         Chain mail        |       |    93 ||    93
         Scale mail        |       |     9 ||     9
  Dodge: Dodged            |    94 |    48 ||   142

Table legend: (Time is in decaauts)
 A = Elapsed time spent in this place.
 B = Non-inter-level travel time spent in this place.
 C = Inter-level travel time spent in this place.
 D = Time resting spent in this place.
 E = Time spent auto-exploring this place.
 F = Levels seen in this place.
 G = Mean time per level.
                   A        B        C        D        E       F      G
               +--------+--------+--------+--------+--------+-----+--------+
         Total |   3283 |   3144 |    139 |    250 |   1974 |   5 |  656.6 |
       Dungeon |   3283 |   3144 |    139 |    250 |   1974 |   5 |  656.6 |
               +--------+--------+--------+--------+--------+-----+--------+

Top non-repeatable levels by time:
     D:3: 954 daAuts
     D:2: 903 daAuts
     D:1: 865 daAuts
     D:4: 480 daAuts
     D:5: 79 daAuts
